 Dungeon Crawl Stone Soup version 0.21.1-1-g345015fe64 (webtiles) character file.

8768 Peloso the Carver (level 11, -6/97 HPs)
             Began as a Minotaur Fighter on Feb 24, 2018.
             Was a Believer of Okawaru.
             Mangled by a white ugly thing (9 damage)
             ... in an ice cave.
             The game lasted 00:23:39 (8975 turns).

Peloso the Carver (Minotaur Fighter)                Turns: 8975, Time: 00:23:40

Health: -6/97      AC: 18    Str: 26    XL:     11   Next: 14%
Magic:  10/10      EV:  8    Int:  5    God:    Okawaru [**....]
Gold:   677        SH: 12    Dex: 11    Spells: 10/10 levels left

rFire    + . .     SeeInvis .   a - +1 long sword
rCold    + + .     Gourm    .   c - +0 shield
rNeg     . . .     Faith    .   b - +0 plate armour
rPois    +         Spirit   .   (helmet restricted)
rElec    +         Reflect  .   (no cloak)
rCorr    +         Harm     .   d - +0 pair of gloves {Str+3}
MR       .....                  (no boots)
Stlth    ..........             (no amulet)
HPRegen  0.26/turn              A - +3 ring of protection
MPRegen  0.12/turn              k - ring of protection from cold

@: resistant
A: retaliatory headbutt, horns 2
a: Heroism, Renounce Religion


You were in an ice cave.
You worshipped Okawaru.
Okawaru was pleased with you.
You were not hungry.

You visited 2 branches of the dungeon, and saw 12 of its levels.
You also visited: Ossuary and Ice Cave.

You collected 677 gold pieces.

Inventory:

Hand Weapons
 a - a +1 long sword (weapon)
 m - a +0 triple sword of electrocution
Missiles
 H - 40 bolts
Armour
 b - a +0 plate armour (worn)
 c - a +0 shield (worn)
 d - a +0 pair of gloves of strength (worn)
Jewellery
 k - a ring of protection from cold (right hand)
 A - a +3 ring of protection (left hand)
 C - a +3 ring of protection
Wands
 E - a wand of acid (5)
 G - a wand of digging (5)
 K - a wand of iceblast (10)
Scrolls
 e - a scroll of magic mapping
 l - 5 scrolls of remove curse
 n - 3 scrolls of enchant weapon
 v - 6 scrolls of amnesia
 w - 3 scrolls of teleportation {unknown}
 x - 2 scrolls of enchant armour {unknown}
 y - 3 scrolls of fog {unknown}
 B - a scroll of holy word {unknown}
 I - a scroll of random uselessness {unknown}
 J - a scroll of identify
 N - a scroll of vulnerability {unknown}
Potions
 g - 6 potions of flight
 h - 2 potions of resistance
 i - 4 potions of brilliance
 j - 2 potions of haste
 o - a potion of mutation {unknown}
 p - 2 potions of ambrosia {unknown}
 r - 3 potions of magic {unknown}
 s - 2 potions of curing {unknown}
 u - a potion of might
 z - a potion of agility {unknown}
 M - 3 potions of heal wounds {unknown}
Books
 t - a book of Necromancy

   Spells                             Type                      Level
   a - Pain                           Necromancy                   1
   b - Animate Skeleton               Necromancy                   1
   c - Vampiric Draining              Necromancy                   3
   d - Regeneration                   Charms/Necromancy            3
   e - Animate Dead                   Necromancy                   4
   f - Borgnjor's Vile Clutch         Necromancy/Earth             5
 D - a book of Maledictions

   Spells                             Type                      Level
   a - Corona                         Hexes                        1
   b - Ensorcelled Hibernation        Hexes/Ice                    2
   c - Confuse                        Hexes                        3
   d - Tukima's Dance                 Hexes                        3
   e - Dazzling Spray                 Conjuration/Hexes            3
 F - a book of Misfortune

   Spells                             Type                      Level
   a - Confusing Touch                Hexes                        1
   b - Confuse                        Hexes                        3
   c - Gell's Gravitas                Translocation                3
   d - Petrify                        Transmutation/Earth          4
   e - Metabolic Englaciation         Hexes/Ice                    5
   f - Yara's Violent Unravelling     Hexes/Transmutation          5
Miscellaneous
 q - a phial of floods
Comestibles
 f - 23 rations
 L - 5 chunks of flesh


   Skills:
 + Level 9.1 Fighting
 + Level 12.8 Long Blades
 + Level 9.7 Armour
 + Level 3.0 Dodging
 + Level 1.2 Stealth
 + Level 10.5 Shields


You had 10 spell levels left.
You didn't know any spells.

Dungeon Overview and Level Annotations

Branches:
Dungeon (11/15)            Temple (1/1) D:5            Lair (0/6) D:10
    Orc: D:9-12

Altars:
Ashenzari
Cheibriados
Dithmenos
Elyvilon
Fedhas
Gozag
Hepliaklqana
Kikubaaqudgha
Makhleb
Nemelex Xobeh
Okawaru
Qazlal
Ru
Sif Muna
Trog
Uskayaw
Vehumet
Wu Jian
Xom
Yredelemnul
Zin
The Shining One

Shops:
D:10 %

Annotations:
D:5 2 transporters
D:8 Execuda's ghost, novice DEFE IceCv exclusion: 2 ice statues


Innate Abilities, Weirdness & Mutations

You reflexively headbutt those who attack you in melee.
You have a pair of horns on your head.


Message History

The ice statue gestures.
The ice beast barely misses you.
You hit the ice statue but do no damage.
You headbutt the ice statue, but do no damage.
The ice statue is severely damaged.
The ice beast hits you but does no damage.
You block the ice beast's attack. The white ugly thing stings you.
* * * LOW HITPOINT WARNING * * *
The white ugly thing freezes you! You resist.
* * * LOW HITPOINT WARNING * * *
You feel protected.
The ice beast hits you but does no damage.
The ice statue gestures at you. The shard of ice hits you!
You partially resist.
* * * LOW HITPOINT WARNING * * *
The ice beast hits you but does no damage. x3
The white ugly thing stings you.
* * * LOW HITPOINT WARNING * * *
The white ugly thing freezes you! You resist.
You die...

#####
###...####
##........##
#..........##
#....YYY....##
#.8..8@......#
#(.(.Yu......#
#.".).Y..©.∩.#
#$.(.........#
#.8..8.......#
#...........##
#..........##
##........##
###...####


You could see 2 ice statues, a white ugly thing and 5 ice beasts.

Vanquished Creatures
  A two-headed ogre (D:9)
  An ugly thing (IceCv)
  A gargoyle (D:8)
  The ghost of chimenez the Carver, a novice BaFi (D:5)
  3 hippogriffs (D:10)
  A wraith (D:10)
  3 yaks (D:10)
  2 basilisks (D:10)
  2 steam dragons
  The ghost of chimenez the Twirler, an amateur FoFi (D:3)
  4 orc warriors
  10 ice beasts
  3 phantoms
  3 sky beasts
  3 ogres
  4 centaurs
  A crocodile (D:10)
  4 big kobolds
  4 bullfrogs
  A gnoll sergeant (D:9)
  A wyvern zombie (D:6)
  A wyvern skeleton (D:11)
  A scorpion (D:9)
  3 killer bees (D:8)
  A howler monkey (D:9)
  3 wights (D:9)
  An electric eel (D:7)
  A crimson imp (D:8)
  4 centaur zombies
  3 bullfrog zombies
  8 orc priests
  A bullfrog skeleton (D:4)
  5 hounds
  3 centaur skeletons
  Terence (D:3)
  15 orc wizards
  3 iguanas
  3 worker ants
  A big kobold zombie (Ossuary)
  A hound zombie (D:6)
  2 hound skeletons
  2 mummies (Ossuary)
  A worker ant zombie (D:6)
  9 gnolls
  8 adders
  2 shadow imps
  12 white imps (D:11)
  2 oozes
  3 adder zombies
  2 adder skeletons
  A worm (D:6)
  A dart slug (D:2)
  2 leopard geckos
  27 orcs
  3 giant cockroaches
  5 goblins
  7 hobgoblins
  14 jackals
  20 kobolds
  8 quokkas
  3 ball pythons
  6 bats
  4 frilled lizards
  2 goblin zombies (Ossuary)
  12 hobgoblin zombies (Ossuary)
  A jackal zombie (Ossuary)
  11 kobold zombies (Ossuary)
  A leopard gecko skeleton (D:4)
  2 leopard gecko zombies
  4 orc zombies (Ossuary)
  2 quokka zombies
  24 rats
  2 rat zombies (Ossuary)
318 creatures vanquished.

Notes
Turn   | Place    | Note
-------+----------+-------------------------------------------
     0 | D:1      | Peloso the Minotaur Fighter began the quest for the Orb.
     0 | D:1      | Reached XP level 1. HP: 19/19 MP: 0/0
   115 | D:1      | Reached XP level 2. HP: 23/27 MP: 1/1
   876 | D:2      | Reached XP level 3. HP: 33/33 MP: 2/2
  1062 | D:2      | Found a shadowy altar of Dithmenos.
  1097 | D:2      | Reached skill level 3 in Long Blades
  1340 | D:2      | Reached XP level 4. HP: 41/41 MP: 3/3
  1427 | D:2      | Found a deep blue altar of Sif Muna.
  1788 | D:3      | Noticed chimenez's ghost (amateur FoFi)
  1797 | D:3      | Killed chimenez's ghost
  1797 | D:3      | Reached skill level 5 in Fighting
  1797 | D:3      | Reached skill level 4 in Long Blades
  1797 | D:3      | Reached XP level 5. HP: 36/48 MP: 4/4
  1892 | D:3      | Noticed Terence
  1902 | D:3      | Killed Terence
  2019 | D:3      | Reached skill level 5 in Long Blades
  2019 | D:3      | Reached skill level 1 in Dodging
  2019 | D:3      | Reached XP level 6. HP: 53/56 MP: 5/5
  2047 | D:3      | Reached skill level 5 in Shields
  2244 | D:3      | Found a stormy altar of Qazlal.
  2556 | D:4      | Found a sand-covered staircase.
  2631 | D:4      | Reached skill level 6 in Long Blades
  2631 | D:4      | Reached skill level 5 in Armour
  2631 | D:4      | Reached XP level 7. HP: 59/61 MP: 6/6
  2645 | Ossuary  | Entered an ossuary
  2952 | D:4      | Reached skill level 7 in Long Blades
  3440 | D:5      | Entered Level 5 of the Dungeon
  3453 | D:5      | Noticed chimenez's ghost (novice BaFi)
  3471 | D:5      | Killed chimenez's ghost
  3471 | D:5      | Reached skill level 8 in Long Blades
  3471 | D:5      | Reached XP level 8. HP: 14/70 MP: 7/7
  3757 | D:5      | Found a staircase to the Ecumenical Temple.
  3773 | Temple   | Entered the Ecumenical Temple
  4028 | D:5      | Found a glowing golden altar of the Shining One.
  4064 | D:5      | Noticed a hornet
  4065 | D:5      | Found a transporter.
  4070 | D:5      | Found a transporter.
  4081 | D:5      | Found a hazy altar of Hepliaklqana.
  4583 | D:6      | Reached skill level 9 in Long Blades
  4763 | D:6      | Reached XP level 9. HP: 78/78 MP: 8/8
  5244 | D:6      | Reached skill level 1 in Stealth
  6200 | D:8      | Noticed a gargoyle
  6202 | D:8      | Noticed a six-headed hydra
  6231 | D:8      | Killed a gargoyle
  6231 | D:8      | Reached skill level 10 in Long Blades
  6295 | D:8      | Identified a scroll of acquirement
  6778 | D:8      | Noticed Execuda's ghost (novice DEFE)
  7057 | D:9      | Reached XP level 10. HP: 72/88 MP: 9/9
  7090 | D:9      | Found a shimmering altar of Xom.
  7091 | D:9      | Noticed a two-headed ogre
  7097 | D:9      | Killed a two-headed ogre
  7335 | D:9      | Reached skill level 11 in Long Blades
  7440 | D:9      | Found a bloodstained altar of Trog.
  7440 | D:9      | Found an iron altar of Okawaru.
  7454 | D:9      | Became a worshipper of Warmaster Okawaru
  7620 | D:9      | Found an opulent altar of Gozag.
  7621 | D:9      | Found a glowing silver altar of Zin.
  7917 | D:9      | Found an iron altar of Okawaru.
  8075 | D:10     | Entered Level 10 of the Dungeon
  8175 | D:10     | Reached * piety under Okawaru
  8225 | D:10     | Found Lapruj's Food Boutique.
  8240 | D:10     | Reached skill level 10 in Shields
  8330 | D:10     | Reached skill level 12 in Long Blades
  8511 | D:10     | Reached ** piety under Okawaru
  8556 | D:10     | Found a staircase to the Lair.
  8767 | D:11     | Reached XP level 11. HP: 95/95 MP: 10/10
  8803 | D:11     | Found a frozen archway.
  8878 | IceCv    | Entered an ice cave
  8878 | IceCv    | Noticed a white ugly thing
  8891 | IceCv    | Killed a white ugly thing
  8913 | IceCv    | Found a transporter.
  8960 | IceCv    | Noticed a white ugly thing
  8975 | IceCv    | HP: 3/97 [white ugly thing (3)]
  8975 | IceCv    | Mangled by a white ugly thing

Skill      XL: |  1  2  3  4  5  6  7  8  9 10 11 |
---------------+----------------------------------+-----
Fighting       | 4 5 6 8 9 |  9.1
Armour         | 4 5 6 8 9 |  9.7
Shields        | 4 5 6 7 9 10 | 10.5
Long Blades    | 3 4 5 6 8 9 10 12 | 12.8
Dodging        | 1 2 3 |  3.0
Stealth        | 1 |  1.2

Action                   |  1- 3 |  4- 6 |  7- 9 | 10-12 || total
-------------------------+-------+-------+-------+-------++-------
Melee: Long sword        |   111 |    84 |   449 |   288 ||   932
       Headbutt          |    18 |    14 |   109 |    73 ||   214
Evoke: Wand              |       |       |     1 |       ||     1
  Use: Potion            |       |     1 |       |     2 ||     3
       Scroll            |       |     1 |    12 |     3 ||    16
  Eat: Chunk             |     1 |     3 |    13 |     7 ||    24
       Ration            |       |       |     1 |       ||     1
Armor: Scale mail        |    59 |    11 |       |       ||    70
       Chain mail        |       |    39 |   128 |       ||   167
       Plate armour      |       |       |    80 |   141 ||   221
Dodge: Dodged            |    33 |    18 |   117 |    61 ||   229
Block: Shield            |    66 |    51 |   231 |   170 ||   518
       Rpst.: Long sword |     7 |     6 |    33 |    12 ||    58
